 Dungeon Crawl Stone Soup version 0.16.1-11-g651b585 (webtiles) character file.

3612 JohnLee the Spear-Bearer (level 10, -4/76 HPs)
             Began as a Merfolk Gladiator on Apr 6, 2015.
             Was a Believer of Ru.
             Slain by a minotaur (21 damage)
             ... in a labyrinth.
             The game lasted 01:46:46 (12090 turns).

JohnLee the Spear-Bearer (Merfolk Gladiator)       Turns: 12090, Time: 01:46:46

Health: -4/76      AC: 11    Str: 15    XL:     10   Next: 11%
Magic:  15/15      EV: 18    Int: 12    God:    Ru [**....]
Gold:   490        SH:  6    Dex: 23    Spells: 0 memorised, 9 levels left

rFire  . . .     SeeInvis .     c - +4 spear
rCold  . . .     Clarity  .     e - +2 scale mail of Shielding {Int+5 Dex+4}
rNeg   . . .     SustAb   .     y - +0 buckler
rPois  .         Gourm    .     n - +1 helmet
rElec  .         Spirit   .     (no cloak)
rCorr  .         Warding  .     (no gloves)
rMut   .         Stasis   .     (no boots)
MR     .....                    (no amulet)
Stlth  +.........               w - +3 ring of evasion
                                k - ring of wizardry

@: very slightly contaminated, hasted, very quick, not resistant to hostile
enchantments, very unstealthy
A: change form in water, swift swim, slow healing 1, unskilled 1
a: Renounce Religion


You were in a labyrinth.
You worshipped Ru.
Ru was pleased with you.
You were not hungry.

You visited 3 branches of the dungeon, and saw 12 of its levels.
You also visited: Labyrinth and Sewer.

You collected 490 gold pieces.

Inventory:

Hand weapons
 a - a +1 trident
 c - a +4 spear (weapon)
 I - a +0 dagger
Missiles
 B - an arrow
Armour
 b - a +0 troll leather armour
 e - the +2 scale mail of Shielding (worn) {Int+5 Dex+4}
   (You found it on level 10 of the Dungeon)

   It affects your intelligence (+5).
   It affects your dexterity (+4).
 i - a cursed +0 ring mail
 j - a +0 chain mail
 n - a +1 helmet (worn)
 y - a +0 buckler (worn)
Jewellery
 k - a ring of wizardry (left hand)
 o - an uncursed ring of ice
 p - a cursed ring of teleportation
 s - an uncursed ring of teleport control
 w - a +3 ring of evasion (right hand)
 F - an uncursed ring of wizardry
Magical devices
 t - a wand of confusion (25)
 z - a wand of cold (15)
 E - a wand of flame (21)
 H - a wand of magic darts (21)
Scrolls
 d - 3 scrolls of recharging
 h - 2 scrolls of random uselessness
 r - a scroll of identify
 u - 3 scrolls of remove curse
 v - a scroll of amnesia
 A - a scroll of enchant weapon
 C - a scroll of enchant armour
Books
 m - a book of Frost

   Spells                             Type                      Level
   a - Freeze                         Ice                          1
   b - Throw Frost                    Conjuration/Ice              2
   c - Ozocubu's Armour               Charms/Ice                   3
   d - Throw Icicle                   Conjuration/Ice              4
   e - Summon Ice Beast               Ice/Summoning                4
   f - Condensation Shield            Ice                          4
Comestibles
 f - 5 bread rations
 g - 2 meat rations
 q - a beef jerky
 D - 2 royal jellies


   Skills:
 + Level 6.2 Fighting
 + Level 10.5 Polearms
 + Level 1.9 Throwing
 + Level 4.5 Armour
 + Level 6.8 Dodging
 + Level 4.5 Shields
 * Level 3.3 Evocations


You had 9 spell levels left.
You didn't know any spells.

Dungeon Overview and Level Annotations

Branches:
Dungeon (10/15)            Temple (1/1) D:6            Lair (1/8) D:10
    Orc: D:9-12

Altars:
Ashenzari
Cheibriados
Dithmenos
Elyvilon
Fedhas
Gozag
Kikubaaqudgha
Makhleb
Nemelex Xobeh
Okawaru
Qazlal
Ru
Sif Muna
Trog
Xom
Yredelemnul
Zin

Annotations:
D:5 Prince Ribbit
D:10 Erolcha, Fannar


Innate Abilities, Weirdness & Mutations

You revert to your normal form in water.
You are very nimble and swift while swimming.
You heal slowly when monsters are visible.
You are somewhat unskilled (-1 Apt).


Message History

The minotaur hits you!
The minotaur gores you but does no damage.
You hit the minotaur but do no damage.
The minotaur is heavily wounded.
The minotaur hits you!
* * * LOW HITPOINT WARNING * * *
The minotaur gores you but does no damage.
Drink which item? (? for menu, Esc to quit)
You feel yourself speed up.
The minotaur hits you but does no damage.
The minotaur gores you but does no damage.
You are very lightly contaminated with residual magic.
You hit the minotaur.
The minotaur is heavily wounded.
You hit the minotaur.
The minotaur is heavily wounded.
You hit the minotaur.
The minotaur is heavily wounded.
The minotaur hits you!!
You die...

▓.. ▓.#
▓.# ▓.#
▓.. ▓.###
▓..<# ▓H#
▓@# ▓.#
▓.# ▓.###
▓...#.
▓##.#.#
## #
▓...#....
▓.###
###.# #
▓.#.
...#. ..#


You could see a minotaur.

Vanquished Creatures
  A fire drake (D:10)
  A two-headed ogre (D:9)
  A wraith (D:9)
  2 sky beasts
  An ice beast (D:10)
  A phantom (D:5)
  3 ogres
  A black bear (D:4)
  4 big kobolds
  4 centaurs
  5 giant frogs
  5 scorpions
  A giant frog zombie (D:4)
  2 crimson imps
  A jelly (D:5)
  A gnoll shaman (D:6)
  4 hounds
  3 giant frog skeletons
  2 orc priests
  A centaur skeleton (D:6)
  2 iguanas
  6 worker ants
  5 orc wizards
  A big kobold zombie (Sewer)
  Robin (D:2)
  12 gnolls
  10 adders
  2 river rats
  A giant mite (D:3)
  4 giant geckos
  5 oozes
  24 orcs
  A bat zombie (D:6)
  8 giant cockroaches
  24 goblins
  33 hobgoblins
  10 jackals
  4 quokkas
  A ball python (D:3)
  11 bats
  8 giant newts
  14 kobolds
  A quokka skeleton (D:4)
  19 rats
  2 rat skeletons (Sewer)
  2 river rat skeletons (Sewer)
  A river rat zombie (Sewer)
256 creatures vanquished.

Vanquished Creatures (others)
  A jelly (D:10)
  A giant spore (D:8)
2 creatures vanquished.

Grand Total: 258 creatures vanquished

Notes
Turn   | Place    | Note
--------------------------------------------------------------
     0 | D:1      | JohnLee, the Merfolk Gladiator, began the quest for the Orb.
     0 | D:1      | Reached XP level 1. HP: 16/16 MP: 1/1
    88 | D:1      | Reached XP level 2. HP: 16/23 MP: 2/2
   673 | D:1      | Reached XP level 3. HP: 28/28 MP: 3/3
  1289 | D:2      | Reached skill level 1 in Armour
  1299 | D:2      | Reached skill level 5 in Polearms
  1333 | D:2      | Found a snail-covered altar of Cheibriados.
  1365 | D:2      | Reached XP level 4. HP: 34/34 MP: 4/4
  1380 | D:2      | Noticed Robin
  1450 | D:2      | Killed Robin
  1978 | D:2      | Reached XP level 5. HP: 34/40 MP: 5/5
  2359 | D:2      | Found a glowing silver altar of Zin.
  2360 | D:2      | Noticed an angel
  2591 | D:3      | Found a glowing drain.
  2601 | Sewer    | Entered a sewer
  2613 | Sewer    | Reached skill level 5 in Dodging
  2801 | Sewer    | Reached skill level 6 in Polearms
  2801 | Sewer    | Reached XP level 6. HP: 37/47 MP: 6/6
  3577 | D:3      | Reached XP level 7. HP: 53/53 MP: 7/7
  3649 | D:3      | Found a white marble altar of Elyvilon.
  3657 | D:3      | Found a shadowy altar of Dithmenos.
  3664 | D:3      | Found an ancient bone altar of Kikubaaqudgha.
  4426 | D:4      | Reached skill level 7 in Polearms
  4840 | D:4      | Reached skill level 1 in Shields
  5122 | D:4      | Reached skill level 8 in Polearms
  5122 | D:4      | Reached XP level 8. HP: 57/61 MP: 8/8
  5261 | D:5      | Entered Level 5 of the Dungeon
  5674 | D:5      | Reached skill level 5 in Fighting
  6116 | D:5      | Found a shattered altar of Ashenzari.
  6159 | D:5      | Reached skill level 9 in Polearms
  6207 | D:5      | Noticed Prince Ribbit
  6782 | D:6      | Reached XP level 9. HP: 59/69 MP: 9/9
  7101 | D:6      | Found a staircase to the Ecumenical Temple.
  7132 | Temple   | Entered the Ecumenical Temple
  7334 | Temple   | Became a worshipper of Ru the Awakened
  8365 | D:8      | Reached skill level 10 in Polearms
  8369 | D:8      | Reached skill level 1 in Evocations
  8803 | D:8      | Gained mutation: You are somewhat unskilled (-1 Apt). [Ru sacrifice]
  8803 | D:8      | Reduced skill Fighting to level 5
  8803 | D:8      | Reduced skill Polearms to level 9
  8803 | D:8      | Reduced skill Throwing to level 1
  8803 | D:8      | Acquired Ru's first power
  9432 | D:9      | Found a burning altar of Makhleb.
  9489 | D:9      | Reached skill level 10 in Polearms
  9500 | D:9      | Found a deep blue altar of Sif Muna.
  9668 | D:10     | Entered Level 10 of the Dungeon
  9668 | D:10     | Noticed Fannar
  9676 | D:10     | Reached XP level 10. HP: 64/76 MP: 14/14
  9797 | D:10     | Found an ancient bone altar of Kikubaaqudgha.
  9864 | D:10     | Got a twisted scale mail
  9865 | D:10     | Identified the +2 scale mail of Shielding {Int+5 Dex+4} (You found it on level 10 of the Dungeon)
 10240 | D:10     | Found a staircase to the Lair.
 10241 | D:10     | Noticed a fire drake
 10261 | D:10     | Killed a fire drake
 10392 | D:10     | Noticed Erolcha
 10415 | Lair:1   | Entered Level 1 of the Lair of Beasts
 10449 | Lair:1   | Found a labyrinth entrance.
 10459 | Lab      | Entered a labyrinth
 11715 | Lab      | Gained mutation: You heal slowly when monsters are visible. [Ru sacrifice]
 11715 | Lab      | Acquired Ru's second power
 12069 | Lab      | Noticed a minotaur
 12090 | Lab      | Slain by a minotaur

Action                   |  1- 3 |  4- 6 |  7- 9 | 10-12 || total
-------------------------+-------+-------+-------+-------++-------
Melee: Trident           |   143 |   340 |   393 |    80 ||   956
       Spear             |       |       |   416 |    57 ||   473
Throw: Throwing net      |       |       |     8 |     2 ||    10
Invok: Sacrifice Skill   |       |       |     1 |       ||     1
       Sacrifice Purity  |       |       |       |     1 ||     1
 Abil: Evoke Teleport Co |       |       |     1 |       ||     1
  Use: Scroll            |     6 |     4 |     6 |     6 ||    22
       Potion            |       |     2 |     9 |     6 ||    17
 Stab: Distracted        |     1 |       |     1 |       ||     2
       Sleeping          |     1 |       |       |       ||     1
       Held in net/web   |       |       |     7 |       ||     7
  Eat: Chunk             |       |     9 |    12 |     1 ||    22
       Fruit             |       |       |     8 |       ||     8
       Beef jerky        |       |       |     1 |     1 ||     2
       Meat ration       |       |       |       |     1 ||     1
